 Dungeon Crawl Stone Soup version 0.21.1-1-g345015f (webtiles) character file.

757 pk666 the Magician (level 7, -1/36 HPs)
             Began as a Deep Elf Wizard on Feb 12, 2018.
             Was a Follower of Vehumet.
             Shot with an arrow by a centaur (13 damage)
             ... on level 6 of the Dungeon.
             The game lasted 00:12:27 (5984 turns).

pk666 the Magician (Deep Elf Wizard)                Turns: 5984, Time: 00:12:28

Health: -1/36      AC:  2    Str:  4    XL:     7   Next: 50%
Magic:  7/19       EV: 14    Int: 25    God:    Vehumet [*.....]
Gold:   282        SH:  0    Dex: 13    Spells: 10/19 levels left

rFire    . . .     SeeInvis .   h - +0 dagger
rCold    . . .     Gourm    .   (no shield)
rNeg     . . .     Faith    .   a - +0 robe
rPois    +         Spirit   .   b - +0 hat
rElec    .         Reflect  .   (no cloak)
rCorr    .         Harm     .   (no gloves)
MR       .....                  (no boots)
Stlth    ++........             (no amulet)
HPRegen  0.12/turn              q - ring of poison resistance
MPRegen  0.16/turn              (no ring)

@: no status effects
A: no striking features
a: Renounce Religion


You were on level 6 of the Dungeon.
You worshipped Vehumet.
Vehumet was aware of your devotion.
You were hungry.

You visited 2 branches of the dungeon, and saw 7 of its levels.

You collected 282 gold pieces.

Inventory:

Hand Weapons
 h - a +0 dagger (weapon)
Missiles
 m - 2 javelins (quivered)
Armour
 a - a +0 robe (worn)
 b - a +0 hat (worn)
Jewellery
 q - a ring of poison resistance (left hand)
 r - an uncursed ring of ice {unknown}
 A - an uncursed amulet of magic regeneration {unknown}
Wands
 v - a wand of digging (13)
Scrolls
 e - 12 scrolls of identify {unknown}
 f - a scroll of remove curse {unknown}
 k - 2 scrolls of teleportation {unknown}
 p - 3 scrolls of immolation {unknown}
 t - a scroll of noise {unknown}
 y - a scroll of enchant armour {unknown}
Potions
 g - 2 potions of flight {unknown}
 i - 3 potions of heal wounds {unknown}
 j - 2 potions of lignification {unknown}
 l - a potion of invisibility {unknown}
 n - a potion of haste {unknown}
 o - 2 potions of curing {unknown}
 s - 2 potions of magic {unknown}
 u - a potion of berserk rage {unknown}
 w - a potion of ambrosia {unknown}
 x - 2 potions of cancellation {unknown}
 z - 2 potions of mutation {unknown}
Books
 c - a book of Minor Magic

   Spells                             Type                      Level
   a - Magic Dart                     Conjuration                  1
   b - Blink                          Translocation                2
   c - Call Imp                       Summoning                    2
   d - Slow                           Hexes                        2
   e - Conjure Flame                  Conjuration/Fire             3
   f - Mephitic Cloud                 Conjuration/Poison/Air       3
Comestibles
 d - 6 rations


   Skills:
 + Level 4.7 Dodging
 - Level 2.4 Stealth
 + Level 6.7 Spellcasting
 + Level 4.2 Conjurations
   Level 1.1 Summonings
 - Level 1.1 Translocations
 + Level 3.7 Fire Magic
 - Level 2.0 Air Magic
 - Level 3.0 Poison Magic


You had 10 spell levels left.
You knew the following spells:

 Your Spells              Type           Power        Failure   Level  Hunger
a - Magic Dart            Conj           ####         1%          1    None
b - Blink                 Tloc           N/A          7%          2    None
d - Conjure Flame         Conj/Fire      ####....     4%          3    None
z - Mephitic Cloud        Conj/Pois/Air  ###.....     6%          3    None


Dungeon Overview and Level Annotations

Branches:
Dungeon (6/15)             Temple (1/1) D:4

Altars:
Ashenzari
Cheibriados
Dithmenos
Elyvilon
Fedhas
Gozag
Hepliaklqana
Kikubaaqudgha
Makhleb
Nemelex Xobeh
Okawaru
Qazlal
Ru
Uskayaw
Vehumet
Wu Jian
Xom
Yredelemnul
Zin
The Shining One


Message History

The magic dart hits the centaur.
The centaur is severely wounded.
The centaur shoots an arrow.
The arrow closely misses you.
Casting: Magic Dart
Confirm with . or Enter, or press ? or * to list all spells.
Aiming: Magic Dart
Press: ? - help, Shift-Dir - straight line, f/p - centaur
Aim: a centaur, wielding a shortbow (heavily wounded)
The magic dart hits the centaur.
The centaur is severely wounded.
The centaur shoots an arrow.
The arrow barely misses you.
Casting: Magic Dart
Confirm with . or Enter, or press ? or * to list all spells.
Aiming: Magic Dart
Press: ? - help, Shift-Dir - straight line, f/p - centaur
Aim: a centaur, wielding a shortbow (severely wounded)
The magic dart hits the centaur.
The centaur is almost dead.
The centaur shoots an arrow.
The arrow hits you!
You die...

#.............
#............?
#.............
#.............
#.............
######.....c......
..............#
#####......@...#
...............#
#####.........#
###.........#
#..........## .
##.###(....## ..
##..# ####### ..#
#..## ..### #.##


You could see a centaur.

Vanquished Creatures
  A phantom (D:4)
  An ice beast (D:5)
  A bullfrog (D:6)
  A scorpion (D:4)
  A hound (D:4)
  A jelly (D:5)
  3 orc priests
  A bullfrog skeleton (D:2)
  An iguana (D:4)
  2 worker ants (D:5)
  2 worker ant zombies
  6 adders
  3 gnolls (D:4)
  An ooze (D:1)
  2 adder skeletons
  A worm (D:2)
  3 dart slugs
  5 leopard geckos
  9 orcs
  4 ball pythons
  7 bats
  7 giant cockroaches
  5 goblins
  9 hobgoblins
  2 jackals (D:4)
  A quokka (D:5)
  2 frilled lizards
  A jackal skeleton (D:4)
  6 kobolds
  3 leopard gecko skeletons
  4 rats
96 creatures vanquished.

Notes
Turn   | Place    | Note
-------+----------+-------------------------------------------
     0 | D:1      | pk666 the Deep Elf Wizard began the quest for the Orb.
     0 | D:1      | Reached XP level 1. HP: 10/10 MP: 7/7
   227 | D:1      | Reached XP level 2. HP: 15/15 MP: 1/9
   747 | D:2      | Reached skill level 5 in Spellcasting
   867 | D:2      | Reached XP level 3. HP: 14/19 MP: 2/11
   980 | D:2      | Found a white marble altar of Elyvilon.
  1146 | D:2      | Reached XP level 4. HP: 23/24 MP: 5/13
  1154 | D:2      | Learned a level 2 spell: Blink
  1158 | D:2      | Learned a level 3 spell: Mephitic Cloud
  1162 | D:2      | Learned a level 3 spell: Conjure Flame
  1482 | D:2      | Found a glowing silver altar of Zin.
  1859 | D:3      | Found a hide-covered altar of Uskayaw.
  1994 | D:3      | Reached skill level 1 in Air Magic
  2135 | D:3      | Found a burning altar of Makhleb.
  2261 | D:3      | Reached skill level 1 in Fire Magic
  2432 | D:4      | Reached skill level 1 in Poison Magic
  2493 | D:4      | Reached XP level 5. HP: 28/28 MP: 12/15
  2833 | D:4      | Noticed a phantom
  2845 | D:4      | Killed a phantom
  2845 | D:4      | Reached XP level 6. HP: 19/32 MP: 4/16
  2981 | D:4      | Found a staircase to the Ecumenical Temple.
  3176 | Temple   | Entered the Ecumenical Temple
  3204 | Temple   | Became a worshipper of Vehumet
  3945 | D:4      | Reached skill level 6 in Spellcasting
  4313 | D:4      | Found an iron altar of Okawaru.
  4460 | D:5      | Entered Level 5 of the Dungeon
  4757 | D:5      | Found a snail-covered altar of Cheibriados.
  5035 | D:5      | Reached XP level 7. HP: 25/36 MP: 3/18
  5101 | D:5      | Reached * piety under Vehumet
  5101 | D:5      | Offered knowledge of Shock by Vehumet.
  5358 | D:5      | Found a snail-covered altar of Cheibriados.
  5845 | D:5      | Found a sparkling altar of Nemelex Xobeh.
  5845 | D:5      | Found a sacrificial altar of Ru.
  5984 | D:6      | Shot with an arrow by a centaur

Skill      XL: |  1  2  3  4  5  6  7 |
---------------+----------------------+-----
Conjurations   | 2 3 4 |  4.2
Spellcasting   | 5 6 |  6.7
Dodging        | 3 4 |  4.7
Air Magic      | 1 2 |  2.0
Fire Magic     | 1 2 3 |  3.7
Poison Magic   | 1 2 3 |  3.0
Stealth        | |  2.4
Summonings     | |  1.1
Translocations | |  1.1

Action                   |  1- 3 |  4- 6 |  7- 9 || total
-------------------------+-------+-------+-------++-------
Melee: Dagger            |       |     9 |     1 ||    10
 Cast: Magic Dart        |    69 |   193 |    50 ||   312
       Conjure Flame     |       |     7 |     3 ||    10
       Mephitic Cloud    |       |     3 |       ||     3
       Blink             |       |     1 |     1 ||     2
 Stab: Confused          |       |     1 |       ||     1
  Eat: Chunk             |       |     8 |     3 ||    11
       Ration            |       |     1 |       ||     1
Armor: Robe              |     2 |     8 |       ||    10
Dodge: Dodged            |     6 |    27 |     7 ||    40
